Cogmind - Beta 16 @@@ ROGUE MODE // 2026.01.07 @ 23:47:18 Player: shalako Result: Destroyed by Y-45 Defender with Beam Rifle Performance ------------- Evolutions (1) 500 Regions Visited (2) 400 Robots Destroyed (22) 110 Value Destroyed (615) 615 Prototype IDs (4) 80 Alien Tech Used (0) 0 Bonus (0) 0 TOTAL SCORE: 1705 Bonus ------- None Cogmind --------- Core Integrity 0/400 Matter 170/300 Energy 17/100 System Corruption 0% Temperature Cool (9) Movement Treading (160) Location -9/Materials Parts ------- > --- POWER (3) -------- (None) > --- PROPULSION (2) --- Light Treads Light Treads > --- UTILITY (2) ------ Heat Sink Small Storage Unit > --- WEAPON (2) ------- Medium Laser > --- INVENTORY (8) ---- Ion Engine Flight Unit Heat Sink Tractor Beam Peak State ------------ > --- POWER ------------ Light Ion Engine > --- PROPULSION ------- Aluminum Leg Wheel > --- UTILITY ---------- Small Storage Unit Tractor Beam > --- WEAPON ----------- Medium Laser Heavy Assault Rifle > --- INVENTORY -------- Light Ion Engine Light Treads Light Treads Aluminum Leg Flight Unit Heat Sink Heat Sink Medium Laser [Rating: 8] Favorites ----------- Power Light Ion Engine Engine Light Ion Engine Propulsion Aluminum Leg Treads Light Treads Leg Aluminum Leg Wheel Wheel Hover Unit Improved Hover Unit Utility Small Storage Unit Device Tractor Beam Storage Small Storage Unit Protection Light Armor Plating Weapon Grenade Launcher Energy Gun Medium Laser Ballistic Gun Assault Rifle Ballistic Cannon Light Cannon Launcher Grenade Launcher Build | -11 -10 -9 ------- Run | Yrd Mat Mat Slots Evolved 2 | . . 2 Power 2 | . . 2 Propulsion . | . . . Utility . | . . . Weapon . | . . . Parts Attached 23 | 5 5 13 Power 4 | 1 1 2 Engine 4 | 1 1 2 Core . | . . . Reactor . | . . . Propulsion 7 | 2 2 3 Treads 2 | . . 2 Leg 2 | 1 1 . Wheel 2 | 1 1 . Hover 1 | . . 1 Flight . | . . . Utility 5 | 1 1 3 Device 3 | . 1 2 Storage 1 | 1 . . Processor . | . . . Hackware . | . . . Protection 1 | . . 1 Artifact . | . . . Weapon 7 | 1 1 5 Energy Gun 3 | . . 3 Energy Cannon . | . . . Ballistic Gun 2 | 1 . 1 Ballistic Cannon 1 | . . 1 Launcher 1 | . 1 . Special Weapon . | . . . Impact Weapon . | . . . Slashing Weapon . | . . . Piercing Weapon . | . . . Special Melee Weapon . | . . . Unidentified Prototypes . | . . . Parts Lost 12 | . 2 10 Power 2 | . . 2 Propulsion 4 | . 1 3 Utility 1 | . . 1 Weapon 5 | . 1 4 Highest Loss Streak 7 | . 1 7 To Critical Strikes . | . . . Average Backups 6 | 3 7 7 Power . | . 1 . Propulsion 3 | 2 4 3 Utility . | . . 1 Weapon 1 | . 2 1 Tool/Special . | . . . Unused Backups 1 | . . 1 Power . | . . . Propulsion 1 | . . 1 Utility . | . . . Weapon . | . . . Tool/Special . | . . . Average Slot Usage (%) 69 | . 82 57 Engine 10 | . 14 7 Leg 12 | . 14 10 Wheel 5 | . 8 1 Device 7 | . 7 7 Storage 12 | . 14 11 Protection 1 | . . 2 Energy Gun 3 | . . 6 Ballistic Gun 6 | . 10 3 Launcher 7 | . 12 2 Peak Build Rating 8 | 5 7 8 Average Rating 5 | 4 5 5 On Entrance 3 | . 5 5 Avg Prop Armor Cover (%) 6 | 6 5 9 Naked Turns . | . . . Heaviest Build 16 | 10 14 16 Greatest Support 40 | 10 10 40 Greatest Overweight (x) 2 | 2 1 2 Average Overweight (x) . | . . . Largest Inventory Capacity 8 | 8 8 8 Average Capacity 7 | 7 8 8 Most Carried 8 | 7 8 8 Average Carried 6 | 4 7 7 Final Capacity 8 | 8 8 8 Final Carried 8 | 7 8 4 Class Distribution -------------------- 100% | Mutant Dominant Class ---------------- Mutant | -10/Materials Mutant | -9/Materials Resources | -11 -10 -9 ----------- Run | Yrd Mat Mat Matter Collected 558 | 165 30 363 Remotely 177 | . 30 147 Salvage Created 580 | . 136 444 Parts 29 | . 4 25 Haulers Intercepted . | . . . Recyclers Shooed . | . . . Parts Field Recycled . | . . . Retrieved Matter . | . . . Parts Self-Destructed . | . . . Prevented . | . . . Parts Restored . | . . . Kills | -11 -10 -9 ------- Run | Yrd Mat Mat Combat Hostiles Destroyed 18 | . 5 13 Guns 10 | . . 10 Cannons 3 | . . 3 AOE 5 | . 5 . Classes Destroyed 7 | . 4 3 Worker 1 | . 1 . Builder 1 | . 1 . Recycler 1 | . 1 . Watcher 1 | . . 1 Swarmer 3 | . . 3 Grunt 14 | . 5 9 Sentry 1 | . . 1 Best Kill Streak 8 | . 8 6 Combat Bots Only 6 | . 2 6 Max Kills in Single Turn 2 | . 2 1 Gunslinging . | . . . Exploded 2 | . 2 . Melee . | . . . Uniques/NPCs Destroyed . | . . . Combat | -11 -10 -9 -------- Run | Yrd Mat Mat Hostile Shots Fired 193 | . 40 153 Missed 54 | . 16 38 Hits 139 | . 24 115 Projectile 139 | . 24 115 Critical Strikes 3 | . . 3 Damage Taken 1737 | . 430 1307 Core 500 | . 95 405 Absorbed by Shields . | . . . Core Remaining (%) 81 | 100 62 . Volleys Fired 60 | 2 16 42 Largest 2 | 1 2 2 Hottest 80 | 20 50 80 Shots Fired 85 | 2 22 61 Gun 59 | 2 6 51 Cannon 10 | . . 10 Launcher 16 | . 16 . Special . | . . . Kinetic 39 | 2 6 31 Thermal 30 | . . 30 Explosive 16 | . 16 . Electromagnetic . | . . . Robot Hit Streak 11 | 1 4 11 Robot Miss Streak 3 | . 2 3 Penetration Max . | . . . Secondary Targets 1 | . . 1 Max Gunslinging Chain 1 | . . 1 Shots Hit Robots 56 | 1 13 42 Core Hits 41 | . 20 21 Critical Kills . | . . . Critical Parts Destroyed . | . . . Critical Strikes 1 | . . 1 Burn 1 | . . 1 Melee Attacks . | . . . Impact . | . . . Slashing . | . . . Piercing . | . . . Sneak Attacks . | . . . Combat Hostiles . | . . . Follow-up Attacks . | . . . Damage Inflicted 1409 | 11 737 661 Guns 585 | 11 45 529 Cannons 124 | . . 124 Explosions 692 | . 692 . Melee . | . . . Ramming 8 | . . 8 Kinetic 438 | 11 45 382 Thermal 271 | . . 271 Explosive 692 | . 692 . Electromagnetic . | . . . Impact . | . . . Slashing . | . . . Piercing . | . . . Highest Corruption . | . . . Average Corruption . | . . . Corruption Purged . | . . . Corruption Blocked . | . . . Overload Shots . | . . . Overflow Damage 9 | . 9 . Projectiles . | . . . Explosions 9 | . 9 . Melee . | . . . Knockbacks 2 | . . 2 Impact . | . . . Kinetic 2 | . . 2 Secondary . | . . . Self-Inflicted Damage 111 | . 111 . Shots 4 | . 4 . Rammed . | . . . Targets Rammed 1 | . . 1 Kicked 1 | . . 1 Crushed . | . . . Highest Temperature 256 | . 13 256 Average Temperature 89 | . 4 106 Received Heat Transfer 621 | . 174 447 Siege Activations . | . . . Martial Activations . | . . . Shielding Activations . | . . . Robots Disrupted . | . . . Combat Hostiles . | . . . Robots Corrupted . | . . . Combat Hostiles . | . . . Parts Fried . | . . . Impact Corruptions . | . . . Robots Melted . | . . . Combat Hostiles . | . . . Parts Melted . | . . . Heat Transferred 851 | . . 851 Parts Sabotaged . | . . . Parts Stolen . | . . . Parts Stripped . | . . . Power Chain Reactions . | . . . Alert | -11 -10 -9 ------- Run | Yrd Mat Mat Maximum Alert Level . | . . . Low Security (%) 100 | 100 100 100 Level 1 . | . . . Level 2 . | . . . Level 3 . | . . . Level 4 . | . . . Level 5 . | . . . High Security . | . . . Max Security . | . . . Peak Influence 147 | . 144 147 Initial 39 | . . 39 Average 47 | . 48 63 Influence Increases 544 | . 201 343 Destroy 0b10 Robot/C 360 | . 100 260 Destroy 0b10 Robot/NC 20 | . 15 5 Destroy Leader 92 | . 30 62 Successful Hack 16 | . . 16 Disable Machine 15 | . 15 . Destroy Structure 41 | . 41 . Influence Decreases 427 | . 107 320 Entered New Map 55 | . . 55 Time Decay 252 | . 87 165 Lost Part 120 | . 20 100 Squads Dispatched 5 | . 1 4 Investigation 4 | . 1 3 Extermination . | . . . Reinforcement 1 | . . 1 Assault . | . . . Garrison . | . . . Intercept . | . . . Searches Triggered . | . . . Construction Impeded . | . . . Haulers Reinforced . | . . . Active Scanning Responses . | . . . Cargo Convoy Interrupts . | . . . Stealth | -11 -10 -9 --------- Run | Yrd Mat Mat Distress Signals 1 | . . 1 Communications Jammed . | . . . Distress Signals . | . . . Times Spotted 22 | . 5 17 Peak Tracking Total 7 | . 2 7 Tactical Retreats . | . . . Traps | -11 -10 -9 ------- Run | Yrd Mat Mat Traps Triggered . | . . . Indirectly . | . . . Trap Hack Attempts . | . . . Triggered . | . . . Disarmed . | . . . Reprogrammed . | . . . Reused . | . . . Traps Extracted . | . . . Installed . | . . . Triggered . | . . . Machines | -11 -10 -9 ---------- Run | Yrd Mat Mat Machines Disabled 1 | . 1 . Max in Single Turn 1 | . 1 . Machines Repaired . | . . . Machines Dismantled . | . . . Machines Sabotaged . | . . . Overloaded Fab Kills . | . . . Hacking | -11 -10 -9 --------- Run | Yrd Mat Mat Machines Accessed 7 | . 2 5 Terminals 5 | . 1 4 Fabricators . | . . . Repair Stations . | . . . Recycling Units 2 | . 1 1 Scanalyzers . | . . . Garrison Access . | . . . Total Hacks 29 | . 7 22 Successful 17 | . 5 12 Failed 12 | . 2 10 Catastrophic . | . . . Database Lockouts . | . . . Manual 1 | . . 1 Terminals 21 | . 3 18 Fabricators . | . . . Repair Stations . | . . . Recycling Units 8 | . 4 4 Scanalyzers . | . . . Garrison Access . | . . . Terminal Hacks 10 | . 2 8 Record 4 | . 2 2 Robot Analysis 1 | . . 1 Prototype ID Bank 2 | . . 2 Emergency Access Points 1 | . . 1 Alert Level 1 | . . 1 Dispatch Records 1 | . . 1 Fabricator Hacks . | . . . Repair Station Hacks . | . . . Recycling Unit Hacks 7 | . 3 4 Recycle Component 1 | . . 1 Process 2 | . 1 1 Report Inventory 1 | . . 1 Retrieve Matter 3 | . 2 1 Scanalyzer . | . . . Garrison Access Hacks . | . . . Unauthorized Hacks . | . . . Terminals . | . . . Fabricators . | . . . Repair Stations . | . . . Recycling Units . | . . . Scanalyzers . | . . . Garrison Access . | . . . Data Cores Recovered . | . . . Used . | . . . Hacking Detections 7 | . 2 5 Full Trace Events 6 | . 2 4 Feedback Events . | . . . Feedback Blocked . | . . . Robot Schematics Acquired . | . . . Robots Built . | . . . Authchips . | . . . Time . | . . . Total Robot Build Rating . | . . . Part Schematics Acquired . | . . . Parts Built . | . . . Authchips . | . . . Time . | . . . Total Part Build Rating . | . . . Part Studies Acquired . | . . . Parts Repaired . | . . . Time . | . . . Parts Recycled 1 | . . 1 Recycled Matter 112 | . 87 25 Retrieved Matter 25 | . . 25 Retrieved Components . | . . . Parts Scanalyzed . | . . . Part Schematics Acquired . | . . . Parts Damaged . | . . . Bothacking | -11 -10 -9 ------------ Run | Yrd Mat Mat Used RIF Installer . | . . . Robots Hacked . | . . . Non-combat . | . . . Combat . | . . . Robot Hacks Applied . | . . . Relay Couplers Released . | . . . Fabnet Peak Effective % . | . . . Robots Rewired . | . . . Allies Hacked . | . . . Hacks Repelled . | . . . Allies | -11 -10 -9 -------- Run | Yrd Mat Mat Total Allies . | . . . Largest Group . | . . . Highest-Rated Group . | . . . Highest-Rated Ally . | . . . Total Orders . | . . . Ally Attacks . | . . . Total Damage . | . . . Kills . | . . . Allies Corrupted . | . . . Allies Melted . | . . . Intel | -11 -10 -9 ------- Run | Yrd Mat Mat Active Infowar (turns) . | . . . Robot Analysis Total 1 | . . 1 Derelict Logs Recovered . | . . . Drone Launches . | . . . Drone Recoveries . | . . . Exploration | -11 -10 -9 ------------- Run | Yrd Mat Mat Turns Passed 804 | 115 347 342 Spaces Moved 392 | 85 176 131 Core 24 | 14 . 10 Treads 3 | . . 3 Legs 326 | 68 149 109 Wheels 30 | 3 27 . Hover 9 | . . 9 Flight . | . . . Fastest Speed 50 | 50 95 70 Average Speed 153 | 111 169 158 Slowest Speed 190 | 150 190 190 Overloaded Moves . | . . . Propulsion Burnouts . | . . . Robots Hopped . | . . . Potential Cave-ins . | . . . Cave-ins Triggered . | . . . Exploration Rate (%) 16 | 5 31 13 Regions Visited 2 Branch Regions . Pre-discovered Areas . | . . . Known Exits Taken . | . . . Unknown Exits Taken 2 | 1 1 . Scrap Searched . | . . . Spaces Dug . | . . . Terrain Destroyed 50 | . 50 . Melee . | . . . Projectile . | . . . AOE 50 | . 50 . Terrain Rammed . | . . . Walls Destroyed . | . . . Machines Disabled . | . . . Actions | -11 -10 -9 --------- Run | Yrd Mat Mat Total 506 | 103 201 202 Wait . | . . . Move 390 | 84 175 131 Hop . | . . . Pick Up 23 | 12 3 8 Fast Attach 2 | . . 2 Attach 16 | 5 2 9 Detach . | . . . Swap 11 | . 5 6 Drop 3 | . . 3 Fire 60 | 2 16 42 Melee . | . . . Ram . | . . . Kick 1 | . . 1 Crush . | . . . Escape Stasis . | . . . Rewire . | . . . Trap . | . . . Miscellaneous . | . . . Route ------- -11/Scrapyard -10/Materials -9/Materials History --------- Turn | Location | Event 26 | -11/Scrapyard | Discovered new exit (range 16) 116 | -11/Scrapyard | Entered Materials 306 | -10/Materials | Build established: Mutant 400 | -10/Materials | Discovered new exit (range 3) 463 | -10/Materials | Entered another Materials area 463 | -9/Materials | Evolved 2 slots: Power x2 761 | -9/Materials | Core integrity fell below 50% 781 | -9/Materials | Core integrity fell below 20% 805 | -9/Materials | Destroyed by Y-45 Defender with Beam Rifle Last Messages --------------- 00759_ Lgt. Ion Engine destroyed. [Achievement: Crack Shot] 00759_ G-34 Mercenary destroyed. 00759_ Switching to secondary target: Y-45 Defender. 00760_ K-01 Serf collects debris. 00765_ Critical hit (Burn: +37). 00765_ Med. Laser destroyed. 00766_ Hvy. Assault Rifle destroyed. 00768_ G-34 Mercenary suffers critical hit (Burn). 00768_ G-34 Mercenary destroyed. 00781_ Acquired 45 matter. 00783_ Acquired 33 matter. 00784_ Acquired 42 matter. 00786_ Acquired 40 matter. 00787_ Beam Rifle destroyed. 00799_ Critical hit (Burn: +37). 00801_ Acquired 40 matter. 00805_ Acquired Ion Engine. Map ----- +----------------------------------------------------+ | ???????????????????????????# # # | | ???????????????????????????# # ##### | | ???????????????????????????############### #???? | | ??????????????????????????????????######## #???? | | ??????????????????????????????????# #???? | | ??????????????????????????????????#= #???? | | ??????????????????????????????????# [ [ #???? | | ??????????????????????????????????# ##+#######???? | | ??????????????????????????????????# # #???????? | | ??????????????????????????????????# # [""#???????? | | ??????????????????????????????????# #= Y"#???????? | | ??????????????????????????????????# # *""#???????? | | ??????????????????????????????????#=# #???????? | | ?????????????????????????????????## ####+#???????? | | ?????????????????????????????????# #???????? | | ?????????????????????????????????# #???????? | | ?????????????????????????????????# "#???????? | | ?????????????????????????????????# T#???????? | | ?????????????????????????????????# "#???????? | | ?????????????????????????????????+ =* ##??????? | | ?????????????????????????????????# = +??????? | | ?????????????????????????????????## ## ?????? | | ??????????????????????############# #?? ????? | | ??????????????????????? # ####+???? | | ???????????????????########### | | ???????????????????# /// @ # T = | | ???????????????????# ///== T # ##+############ | | ??????????????????## // [ ## ##??????????????? | | ??????????????????# = !! ! Y## #???????????????? | | ??????????????????###+######/## ##??????????????? | | ??????????????+%*%[ % +??????????????? | | ?????????????????#= ##??????????????? | | ?????????????????# ############+##???????????????? | | ?????????????????????????????? ???????????????? | | ?????????????????????????????? #??????????????? | | ????????????????????????????? #??????????????? | | ????????????????????????????? #??????????????? | | ???????????????????????????? #??????????????? | | ???????????????????????????? #??????????????? | | ??????????????????????????? #??????????????? | | ???????????????????????????#######???????????????? | | | | | | | | | | | | | | | | | | | +----------------------------------------------------+ Best States ------------- Heat Dissipation 38 Energy Generation 10 Energy Capacity 125 Matter Stores 209 Matter Capacity 300 Sight Range 16 Terrain Scan Density 10 Armor Coverage 150 Evasion (%) 55 Recoil Reduction 2 Item Schematics ----------------- None Robot Schematics ------------------ None Fabricated ------------ Nothing Repaired ---------- Nothing Studied --------- None Alien Tech Used ----------------- None Achievements -------------- Crack Shot DATA ERROR: Steam Global Achievement% For Emergencies Only One Hack Too Far Oops Organ Harvest There's More Where That Came From Use The Force Challenges ------------ None Game ------ Seed BottomlessDeliveryBallwheel Manual? 0 Play Time 00:39:09 Cumulative 1.4 hours Start 2026.01.07 @ 23:04:14 End 2026.01.07 @ 23:47:18 Sessions 1 Manual Loads 0 Difficulty Rogue Special Mode None Game No. 4 Rogue 4 Adventurer 0 Explorer 0 Win Type - Total 0 Types 0/0/0/0/0/0/0/0/0/0 Lore% 1 Gallery% 3 Achievement% 2 Wizard Run 0 Options --------- Layout 1 ASCII 0 Keyboard 0 Movement Mouse Keybinds 0 Fullscreen 1 Font 48/Smallcaps Map View 50x35 Zoom Use 0% Tactical HUD 1 Map Filters NONE Filters NONE Steam 1 RUN: d91db103-4c0e-49ff-8dc2-e05a9fc0dea6